Map: Zen LE

Players

prospeKt

  • Race: Zerg Zerg
  • League: Platinum
  • Spawn Location: 7:00

VOD

Have the link to the VOD?

Description

Time

  • Played on: June 5, 2020, 7:47 a.m.
  • Length: 3:27
Show
View Real Time Build Order
Export as new Build Order

prospeKt Zerg 

Build Orders:  

Get SALT Encoding   

  12  0:01  Drone  
  13  0:17  Overlord  
  13  0:33  Drone  
  14  0:43  Drone  
  14  0:44  Drone  
  14  0:48  Drone  
  17  1:05  Drone  
  18  1:19  Hatchery  
  17  1:22  Drone  
  18  1:33  Drone  
  18  1:39  Extractor  
  18  1:50  Spawning Pool  
  18  1:52  Drone  
  18  2:03  Drone  
  19  2:22  Drone  
  20  2:40  Drone  
  21  2:51  Overlord  
  23  3:00  Drone  
  23  3:08  Drone  
Tags
 
League
Platinum
Matchup
Co-op
Add a new tag
Caveats
  • Supply blocks, unpowered buildings, or Contaminate may cause inaccurate times.
  • Supply counts are checked every 10 seconds.